AoeStats
← Kanyaga

Arabia

509242134Analyzed
1v1 RM · 7d ago on Sep 26, 2026· 36m 25s· 2 players
Game mode
Random Map
Map size
Tiny (2 player)
Population
200
Speed
Normal
Resources
Standard
Victory
Conquest
Starting age
Dark Age
Ending age
Imperial Age
RankedLock teamsTeams togetherTeam positionsShared explorationLock speedFull tech treeHidden civsTurbo modeCheats
Victory
Defeat
🇹🇷 Wei · Türkiye
1612
+11
🇨🇴 Byzantines · Colombia
1504
-11
Kanyaga
3:43 Loom
10:26 Feudal Age
10:51 Horse Collar
11:00 Double-Bit Axe
14:36 Gold Mining
15:50 Stone Mining
17:12 Wheelbarrow
21:10 Castle Age
20:05 Bloodlines
19:47 Fletching
21:06 Scale Barding Armor
22:27 Bow Saw
22:17 Heavy Plow
22:45 Hand Cart
23:36 Gold Shaft Mining
24:42 Husbandry
29:17 Chain Barding Armor
30:25 Town Watch
31:56 Padded Archer Armor
32:00 Devotion
32:32 Ballistics
33:39 Bodkin Arrow
34:05 Tuntian
34:35 Padded Archer Armor
Viva Cristo
2:15 Loom
12:32 Feudal Age
13:09 Double-Bit Axe
21:06 Castle Age
19:23 Fletching
20:39 Padded Archer Armor
20:32 Horse Collar
21:38 Elite Skirmisher
30:10 Bodkin Arrow
30:35 Scale Mail Armor
31:06 Forging
31:04 Pikeman
34:02 Leather Archer Armor
35:00 Squires
36:18 Wheelbarrow
Connection lost

Rejoining the realm…

Still unreachable

The connection could not be restored.

Session expired

The server has moved on; the page needs a fresh start.